cohdb
Replays
Latest Replays
All Replays
Popular Replays
Top Player Replays
Match Explorer
How It Works
Community
CoH3 Stats
Reddit
Sign in to upload your games and track your stats! →
Sign in with Steam
Match 43369136
Unlisted
Match 43369136
Overview
Messages
Build Orders
End
Kradschützen Motorcycle Team
Selects Battlefield Espionage Battlegroup
Selects Battlefield Espionage Battlegroup
Selects Battlefield Espionage Battlegroup
Panzergrenadier Squad
Panzergrenadier Squad
Panzergrenadier Squad
Kradschützen Motorcycle Team
Selects 250/3 Funkpanzerwagen
Construct Light Support Kompanie
Fire Support Elements
Pak 38 Mechanized Group
Flakvierling Half-track
Selects Anti-Tank Incendiary Munitions
Vehicle Survival Package
2.5-tonne Medical Truck
Flakvierling Half-track
Construct Mechanized Kompanie
Selects Sector Subterfuge Beacon
StuG III D Assault Gun
Selects Plunder
Selects Firestorm
Firestorm
StuG III D Assault Gun
Firestorm
Assault Mechanized Group
Monsieur Nathan
StaRadian((
0
0
Comments
sign in to comment!
No comments posted yet!